[Event "Titled Tuesday Blitz February 15 Early 2022"]
[White "Nguyen Hong Nhung"]
[Black "Nazari, Arad"]
[WhiteFideId "12412201"]
[BlackFideId "12577324"]
[WhiteElo "1661"]
[BlackElo "2120"]
[Result "1/2-1/2"]
[Round "08"]
[TimeControl "180+1"]
[Date "2022.02.15"]
[WhiteClock "0:00:30"]
[BlackClock "0:00:24"]

1. e4 c5 2. Nc3 Nc6 3. Bb5 Nd4 4. Bc4 e6 5. Nge2 a6 6. Nxd4 cxd4 7. Ne2 Bc5 8. d3 Ne7 9. Bb3 b5 10. O-O O-O 11. f4 f5 12. Kh1 Bb7 13. Ng3 Kh8 14. Bd2 Qc7 15. Qh5 d5 16. exf5 Nxf5 17. Nxf5 Rxf5 18. Qg4 Raf8 19. Rae1 Bc8 20. Rf3 a5 21. a4 bxa4 22. Bxa4 e5 23. Ref1 e4 24. dxe4 dxe4 25. Rh3 e3 26. Qg6 h6 27. Bxa5 Qf7 28. Qg3 Rxf4 29. Rxf4 Qxf4 30. Qxf4 Rxf4 31. Rf3 g5 32. Rxf4 gxf4 33. Bb5 Bf5 34. Bd3 Bxd3 35. cxd3 Kg7 36. Kg1 Kf6 37. Kf1 Ke5 38. Ke2 Kd5 39. Bd8 Bd6 40. Bf6 Be5 41. Be7 Kc6 42. Bf8 h5 43. Be7 Kb5 44. b3 Kc6 45. Bf8 Bd6 46. Bh6 Kc5 47. Bg7 Kd5 48. Kf3 Be5 49. Bh6 Kc5 50. Bf8+ Bd6 51. Bh6 Kb4 52. Bg7 Bc5 53. Bh6 Bd6 54. Bg7 Kc3 55. Ke4 e2 56. Bxd4+ Kd2 57. Bf2 e1=Q+ 58. Bxe1+ Kxe1 59. d4 f3 60. gxf3 Bxh2 61. Kf5 Bg3 62. Kg5 h4 63. Kg4 Kf2 64. Kh3 Kxf3 65. d5 Kf4 66. b4 Kg5 67. b5 Bc7 68. Kg2 Kg4 69. Kh1 h3 70. d6 Bxd6 71. b6 Bb8 72. b7 Kf5 73. Kg1 Ke4 74. Kh1 Kf3 75. Kg1 Ke2 76. Kh1 Kf3 77. Kg1 Kg4 78. Kh1 Kf5 79. Kg1 Ke6 80. Kh1 Kd5 81. Kg1 Kc6 82. Kh1 Kxb7 83. Kg1 Kc6 84. Kh1 Kd5 85. Kg1 Ke4 86. Kh1 Kf5 87. Kg1 Kg4 88. Kh1 Kh5 89. Kg1 Kh4 90. Kh1 h2 91. Kg2 Kg4 92. Kh1 Kh3 1/2-1/2


[Site "https://www.chess.com"]

[Event "Titled Tuesday Blitz February 15 Early 2022"]
[White "Nogerbek, Kazybek"]
[Black "Gaehwiler, Gabriel"]
[WhiteFideId "13710427"]
[BlackFideId "1314530"]
[WhiteElo "2478"]
[BlackElo "2383"]
[Result "0-1"]
[Round "08"]
[TimeControl "180+1"]
[Date "2022.02.15"]
[WhiteClock "0:00:04"]
[BlackClock "0:00:07"]

1. d4 Nf6 2. Bg5 g6 3. Bxf6 exf6 4. e3 d5 5. g3 c6 6. Bg2 Bd6 7. Ne2 O-O 8. Nd2 Nd7 9. O-O f5 10. c4 dxc4 11. Nxc4 Nf6 12. Nc3 Be6 13. Qe2 Qe7 14. Rab1 Rad8 15. Nxd6 Qxd6 16. b4 Rfe8 17. Rfc1 Nd5 18. Nxd5 Bxd5 19. b5 Bxg2 20. Kxg2 Qxd4 21. bxc6 bxc6 22. Qf3 Qa4 23. Qxc6 Qxa2 24. Ra1 Qd5+ 25. Qxd5 Rxd5 26. Rxa7 Rd2 27. Kf3 Rd6 28. Rcc7 Rf6 29. h3 Kg7 30. Kg2 Re4 31. Rd7 h6 32. Rd4 Re8 33. g4 Rb8 34. Rf4 Rb5 35. Rc7 g5 36. Rf3 Kg6 37. Rc8 Kg7 38. Rc4 Kg6 39. Rd4 Re5 40. h4 fxg4 41. Rxf6+ Kxf6 42. Rxg4 Ra5 43. Rb4 Kg7 44. Kg3 Rc5 45. Kg4 Re5 46. Rb6 Rc5 47. e4 gxh4 48. f3 Rg5+ 49. Kxh4 Rg1 50. Kh3 Rg5 51. Ra6 Rg1 52. f4 Re1 53. e5 Rg1 54. Rb6 Kh7 55. Rb7 Kg6 56. Rb6+ Kg7 57. Rf6 Rg6 58. Rf5 Ra6 59. Kg4 Kg6 60. Rh5 Ra1 61. Rh2 Rf1 62. Rh4 Kg7 63. Kg3 Kg6 64. Kg2 Ra1 65. Kf3 Kg7 66. Rg4+ Kf8 67. Ke4 Ra4+ 68. Kf5 Ra6 69. Rg1 Rb6 70. Rb1 Rxb1 71. e6 Rb5+ 72. Kf6 fxe6 73. Kxe6 h5 74. Kf6 h4 75. Kg6 h3 76. f5 h2 77. f6 Rb6 78. Kh7 Rxf6 0-1


[Site "https://www.chess.com"]

[Event "Titled Tuesday Blitz February 15 Early 2022"]
[White "Novikova, Galina"]
[Black "Politov, Pavel Y."]
[WhiteFideId "4157095"]
[BlackFideId "24110515"]
[WhiteElo "1863"]
[BlackElo "2090"]
[Result "1-0"]
[Round "08"]
[TimeControl "180+1"]
[Date "2022.02.15"]
[WhiteClock "0:02:05"]
[BlackClock "0:00:03"]

1. e4 c5 2. Nf3 d6 3. d4 cxd4 4. Nxd4 Nf6 5. Nc3 a6 6. h3 e5 7. Nde2 h5 8. g3 Be7 9. Bg2 b5 10. Be3 Nbd7 11. Qd2 Nb6 12. b3 Nbd7 13. f4 Bb7 14. O-O Qc7 15. Rad1 Rd8 16. Kh1 Nc5 17. Nd5 Nxd5 18. exd5 Bf6 19. fxe5 Bxe5 20. Bd4 O-O 21. Qg5 g6 22. Nf4 Bxd4 23. Rxd4 Kh8 24. Nxh5 Rg8 25. Qh6# 1-0


[Site "https://www.chess.com"]

[Event "Titled Tuesday Blitz February 15 Early 2022"]
[White "Nurmanova, Alua"]
[Black "Srihari L R"]
[WhiteFideId "13729390"]
[BlackFideId "46617116"]
[WhiteElo "2525"]
[BlackElo "2767"]
[Result "0-1"]
[Round "08"]
[TimeControl "180+1"]
[Date "2022.02.15"]
[WhiteClock "0:00:43"]
[BlackClock "0:01:20"]

1. e4 c5 2. Nf3 e6 3. d4 cxd4 4. Nxd4 Nc6 5. Nc3 Qc7 6. g3 a6 7. Bg2 Nf6 8. Nb3 d6 9. O-O Be7 10. f4 h5 11. h3 Bd7 12. Be3 Rc8 13. a4 Na5 14. Nxa5 Qxa5 15. Qd2 Qb4 16. Bd4 Bc6 17. a5 e5 18. fxe5 dxe5 19. Bxe5 Rd8 20. Qe2 Qc5+ 21. Kh1 Qxe5 22. Qe3 Bc5 23. Qf3 Bd6 24. Qf4 h4 25. Qxe5+ Bxe5 26. g4 O-O 0-1


[Site "https://www.chess.com"]

[Event "Titled Tuesday Blitz February 15 Early 2022"]
[White "Osmak, Yuliia"]
[Black "De Souza Sa, Apolo"]
[WhiteFideId "14101602"]
[BlackFideId "324225390"]
[WhiteElo "2302"]
[BlackElo "1828"]
[Result "1-0"]
[Round "08"]
[TimeControl "180+1"]
[Date "2022.02.15"]
[WhiteClock "0:00:50"]
[BlackClock "0:01:05"]

1. e4 c5 2. b3 Nf6 3. e5 Nd5 4. Bb2 e6 5. Bc4 Nb6 6. Be2 Nc6 7. f4 d6 8. Nf3 Bd7 9. O-O Be7 10. exd6 Bxd6 11. Bxg7 Rg8 12. Be5 Nxe5 13. fxe5 Be7 14. Nc3 Bc6 15. Bb5 Qd7 16. Bxc6 Qxc6 17. Qe2 O-O-O 18. d3 Rg4 19. Rf2 Rdg8 20. Raf1 Nd5 21. Nxd5 Qxd5 22. Nd2 Bh4 23. g3 Bxg3 24. hxg3 Rxg3+ 25. Kh2 R3g4 26. Nf3 Qd8 27. Qe3 R8g6 28. Rg1 Rxg1 29. Nxg1 Qf8 30. Nh3 b6 31. Rg2 Qg7 32. Rxg6 Qxg6 33. Qg5 1-0


[Site "https://www.chess.com"]

[Event "Titled Tuesday Blitz February 15 Early 2022"]
[White "Osmonbekov, Talaibek"]
[Black "Eynullayev, Altay"]
[WhiteFideId "2017253"]
[BlackFideId "13413562"]
[WhiteElo "2135"]
[BlackElo "2079"]
[Result "0-1"]
[Round "08"]
[TimeControl "180+1"]
[Date "2022.02.15"]
[WhiteClock "0:00:01"]
[BlackClock "0:00:54"]

1. d4 Nf6 2. Nc3 d5 3. Bf4 e6 4. e3 Be7 5. Nf3 O-O 6. Bd3 c5 7. dxc5 Nbd7 8. O-O Nxc5 9. Re1 b6 10. Ne5 Bb7 11. a3 Rc8 12. Nb5 a6 13. Nd4 Bd6 14. Bf1 Qc7 15. Nd3 e5 16. Bg5 exd4 17. Bxf6 gxf6 18. Qh5 Ne4 19. f3 Nd2 20. Qg4+ Kh8 21. Qh4 Be7 22. exd4 Nxf1 23. Kxf1 Rce8 24. Re2 Bd8 25. Rae1 Rxe2 26. Rxe2 Bc8 27. Nf4 Qd7 28. g4 Rg8 29. Nh5 Qd6 30. Ng3 f5 31. Qh3 fxg4 32. fxg4 Bxg4 0-1


[Site "https://www.chess.com"]

[Event "Titled Tuesday Blitz February 15 Early 2022"]
[White "Ovezdurdyyeva, Jemal"]
[Black "Shuvalov, Evgenij"]
[WhiteFideId "14001888"]
[BlackFideId "4187237"]
[WhiteElo "1946"]
[BlackElo "2119"]
[Result "0-1"]
[Round "08"]
[TimeControl "180+1"]
[Date "2022.02.15"]
[WhiteClock "0:00:03"]
[BlackClock "0:00:15"]

1. e4 e6 2. d4 d5 3. Nc3 Bb4 4. exd5 exd5 5. Bd3 Nc6 6. Ne2 Bg4 7. f3 Bh5 8. Be3 Bg6 9. O-O Nge7 10. a3 Bxc3 11. bxc3 Na5 12. Rb1 O-O 13. Bf2 b6 14. Nf4 c6 15. Nxg6 Nxg6 16. Bg3 Re8 17. Re1 Qf6 18. Qd2 h5 19. Rxe8+ Rxe8 20. Re1 Rxe1+ 21. Qxe1 h4 22. Qe8+ Kh7 23. Be5 Qe6 24. Qxe6 fxe6 25. Bb8 Nc4 26. Bxc4 dxc4 27. Bxa7 b5 28. Bb8 Ne7 29. Bd6 Nd5 30. Bb4 Ne3 31. Kf2 Nxc2 32. Be7 Kh6 33. h3 g5 34. Ke2 Kg6 35. Kd2 Na1 36. Ke3 Kf5 37. Kf2 Nb3 38. Ke2 Nc1+ 39. Ke3 Nd3 40. Bd8 Nf4 41. Kf2 Nd5 42. Ba5 Nf4 43. Bd8 Nd5 44. Ba5 Kf4 45. Bb4 Kf5 46. Bd6 Nxc3 47. g3 hxg3+ 48. Kxg3 Ne2+ 49. Kf2 Nxd4 0-1


[Site "https://www.chess.com"]

[Event "Titled Tuesday Blitz February 15 Early 2022"]
[White "Ozdemir, Serhan Berat"]
[Black "Osiecki, Stanislaw"]
[WhiteFideId "6374611"]
[BlackFideId "1102990"]
[WhiteElo "1920"]
[BlackElo "2127"]
[Result "1-0"]
[Round "08"]
[TimeControl "180+1"]
[Date "2022.02.15"]
[WhiteClock "0:00:53"]
[BlackClock "0:00:08"]

1. e4 e6 2. d4 d5 3. Nd2 c5 4. Ngf3 cxd4 5. Nxd4 Nc6 6. Bb5 Bd7 7. Nxc6 bxc6 8. Bd3 Bd6 9. Qe2 Ne7 10. e5 Bc5 11. Qg4 O-O 12. Nf3 f5 13. exf6 Rxf6 14. Bg5 Rxf3 15. gxf3 Qb6 16. Qh4 Nf5 17. Bxf5 exf5 18. O-O Qxb2 19. Rab1 Qd4 20. Qxd4 Bxd4 21. Rb7 Be8 22. Re1 Bh5 23. Kg2 h6 24. Be3 Bc3 25. Reb1 a5 26. Rc7 Ra6 27. Rbb7 Be8 28. Rc8 Kf8 29. Bc5+ 1-0


[Site "https://www.chess.com"]

[Event "Titled Tuesday Blitz February 15 Early 2022"]
[White "Ozkan, Taha"]
[Black "Molina, Roberto Junio Brito"]
[WhiteFideId "34577173"]
[BlackFideId "2109450"]
[WhiteElo "2571"]
[BlackElo "2789"]
[Result "0-1"]
[Round "08"]
[TimeControl "180+1"]
[Date "2022.02.15"]
[WhiteClock "0:00:38"]
[BlackClock "0:00:20"]

1. d4 d5 2. c4 c6 3. Nf3 Nf6 4. Nc3 dxc4 5. a4 Bf5 6. e3 e6 7. Bxc4 Bb4 8. O-O O-O 9. Qe2 Nbd7 10. e4 Bg6 11. Bd3 Bh5 12. e5 Nd5 13. Nxd5 cxd5 14. Qe3 Bg6 15. Ng5 Re8 16. Qh3 Nf8 17. f4 Bxd3 18. Qxd3 f5 19. exf6 Qxf6 20. Bd2 Bxd2 21. Qxd2 Rac8 22. Nf3 Qf5 23. Rac1 Ng6 24. g3 Ne7 25. Rfe1 Nc6 26. Rc3 Re7 27. b4 Rce8 28. Rce3 b6 29. Rc1 Nd8 30. b5 Nf7 31. Rc6 g5 32. fxg5 Nxg5 33. Nxg5 Qxg5 34. Qe2 Qf6 35. Re5 Kh8 36. Qf2 Qg7 37. Qe3 Qg4 38. Rc1 Rf8 39. Rg5 Qe4 40. Re1 Qxe3+ 41. Rxe3 Rfe8 42. Kg2 h6 43. Rg4 Kh7 44. Rf4 Kg6 45. Rf2 e5 46. dxe5 Rxe5 47. Rd3 R8e6 48. Kh3 Rf6 49. Rfd2 Rd6 50. Rd4 Kf5 51. Rf4+ Ke6 52. Rfd4 Re3 53. Kg4 Ke5 54. Kh5 Re4 55. R4d3 Rxa4 56. Re2+ Re4 57. Ra2 d4 58. Rxa7 Kd5 59. Rc7 Re3 60. Rd2 d3 61. Rc1 Kd4 62. Rcd1 Kc3 63. Ra2 Kb3 64. Rad2 Kc4 65. Ra2 Kxb5 66. Rb2+ Kc4 67. g4 Re2 68. h4 Rxb2 69. Rc1+ Rc2 70. Rd1 d2 71. Rf1 Rc1 72. Rf4+ Rd4 73. Rf6 d1=Q 74. Rc6+ Kd5 75. Rxb6 Rc6 76. Rb5+ Rc5 77. Rxc5+ Kxc5 78. Kxh6 Rxg4 79. h5 Rh4 80. Kh7 Rxh5+ 81. Kg6 Re5 82. Kf6 Re2 83. Kf7 Qf1+ 84. Kg7 Rg2+ 85. Kh7 Qg1 86. Kh6 Kd4 87. Kh5 Kd3 88. Kh6 Kc3 89. Kh7 Kc2 90. Kh8 Kb2 91. Kh7 Kb3 92. Kh6 Ka2 93. Kh7 Ka3 94. Kh8 Ka4 95. Kh7 Ka5 96. Kh6 Ka6 97. Kh5 Ka7 98. Kh4 Ka8 99. Kh5 Kb7 100. Kh6 Kb8 101. Kh7 Kc7 102. Kh8 Kc8 103. Kh7 Kd7 104. Kh8 Kd8 105. Kh7 Ke7 106. Kh8 Rg3 107. Kh7 Qg2 108. Kh8 Ke6 109. Kh7 Kf5 110. Kh8 Kf4 111. Kh7 Rg6 112. Kh8 Qh2# 0-1


[Site "https://www.chess.com"]

[Event "Titled Tuesday Blitz February 15 Early 2022"]
[White "Papasimakopoulos, Alexandros"]
[Black "Gurevich, Dmitry"]
[WhiteFideId "4244125"]
[BlackFideId "2000407"]
[WhiteElo "2340"]
[BlackElo "2506"]
[Result "0-1"]
[Round "08"]
[TimeControl "180+1"]
[Date "2022.02.15"]
[WhiteClock "0:00:13"]
[BlackClock "0:00:09"]

1. d4 Nf6 2. c4 a6 3. Nc3 c5 4. Nf3 cxd4 5. Nxd4 d5 6. cxd5 Nxd5 7. e4 Nxc3 8. bxc3 e5 9. Nf3 Qxd1+ 10. Kxd1 f6 11. Bc4 Bc5 12. Ke2 Ke7 13. Be3 Bxe3 14. Kxe3 Nd7 15. Bd5 Nc5 16. Rab1 Ra7 17. c4 Bd7 18. Nd2 Rc8 19. Nb3 Nxb3 20. axb3 b5 21. Rhc1 bxc4 22. bxc4 a5 23. c5 Rac7 24. c6 Bxc6 25. Bxc6 Rxc6 26. Rb7+ Kf8 27. Rxc6 Rxc6 28. Kf3 h5 29. Kg3 Ra6 30. Kf3 a4 31. Ke3 a3 32. Rb1 Ke7 33. Kd3 Kd6 34. Kc4 Rc6+ 35. Kd3 Kc5 36. Kc3 Kd6+ 37. Kd3 Ra6 38. Kc4 Kc6 39. Ra1 Ra4+ 40. Kb3 Kb5 41. Ka2 Rxe4 42. Kxa3 Re2 43. Rb1+ Kc6 44. Rf1 Kd5 45. Kb3 Kd4 46. Rd1+ Ke4 47. Rd7 g5 48. f3+ Kf5 49. g3 Rxh2 50. Kc4 Rg2 51. g4+ hxg4 52. fxg4+ Rxg4+ 53. Kc3 Rd4 54. Ra7 g4 55. Rg7 Kf4 0-1


[Site "https://www.chess.com"]

[Event "Titled Tuesday Blitz February 15 Early 2022"]
[White "Paravyan, David"]
[Black "Sjugirov, Sanan"]
[WhiteFideId "4194985"]
[BlackFideId "4189302"]
[WhiteElo "2569"]
[BlackElo "2602"]
[Result "1/2-1/2"]
[Round "08"]
[TimeControl "180+1"]
[Date "2022.02.15"]
[WhiteClock "0:00:08"]
[BlackClock "0:00:11"]

1. e4 e5 2. Nf3 Nc6 3. Nc3 Nf6 4. d4 exd4 5. Nxd4 Bb4 6. Nxc6 bxc6 7. Bd3 O-O 8. O-O d5 9. exd5 cxd5 10. Bg5 c6 11. Qf3 Bd6 12. Rae1 Rb8 13. Nd1 Rb4 14. h3 h6 15. Bxf6 Qxf6 16. Qxf6 gxf6 17. b3 Be6 18. Ne3 Rd8 19. Nf5 Bf8 20. c3 Rb6 21. Re3 c5 22. Rfe1 a5 23. Rg3+ Kh8 24. Rf3 Ra8 25. Rf4 Rc8 26. Rh4 c4 27. bxc4 dxc4 28. Be4 Rc5 29. Nxh6 Kg7 30. g4 Re5 31. f4 Bc5+ 32. Kf1 Rb2 33. fxe5 Rf2+ 34. Kg1 Re2+ 35. Kf1 Rf2+ 36. Kg1 Re2+ 37. Kf1 Rf2+ 1/2-1/2


[Site "https://www.chess.com"]

[Event "Titled Tuesday Blitz February 15 Early 2022"]
[White "Petesch, Gabriel"]
[Black "Mirzoev, Azer"]
[WhiteFideId "2032465"]
[BlackFideId "13400304"]
[WhiteElo "2374"]
[BlackElo "2525"]
[Result "1-0"]
[Round "08"]
[TimeControl "180+1"]
[Date "2022.02.15"]
[WhiteClock "0:00:06"]
[BlackClock "0:00:07"]

1. Nf3 c5 2. g3 Nc6 3. Bg2 b6 4. d4 cxd4 5. Nxd4 Bb7 6. O-O Nf6 7. c4 Rc8 8. b3 Na5 9. Bxb7 Nxb7 10. Bb2 e6 11. Nc3 a6 12. Rc1 Be7 13. Qd3 O-O 14. Rfd1 Qc7 15. Qf3 Nc5 16. Nc2 Rfd8 17. Ne3 Qb8 18. Rc2 Qa8 19. Rcd2 Qxf3 20. exf3 Kf8 21. Kg2 Ke8 22. Ng4 Nxg4 23. fxg4 Bf6 24. h4 g6 25. Kf3 Bg7 26. Nb5 Kf8 27. Nd6 Rc7 28. Ba3 Kg8 29. Ne4 Nxe4 30. Kxe4 b5 31. Be7 Re8 32. Bd6 Rb7 33. c5 f5+ 34. gxf5 exf5+ 35. Kf3 b4 36. Re2 Rxe2 37. Kxe2 a5 38. Kd3 Kf7 39. Re1 Bf6 40. Kc4 h5 41. Re2 Bd8 42. Kd5 Bf6 43. Be5 Be7 44. Bd6 Bf6 45. Rc2 a4 46. bxa4 Ra7 47. Kc4 Rxa4 48. Kb3 Ra3+ 49. Kxb4 Rf3 50. a4 Bd4 51. a5 Bxf2 52. a6 Be1+ 53. Ka4 Bxg3 54. a7 Bxd6 55. a8=Q Rf4+ 56. Kb5 Be7 57. Qd5+ Kf8 58. Qxd7 Re4 59. c6 Re5+ 60. Kb6 Re4 61. c7 Rb4+ 62. Qb5 1-0


[Site "https://www.chess.com"]

[Event "Titled Tuesday Blitz February 15 Early 2022"]
[White "Pichot, Alan"]
[Black "Viani Antonio Dcunha"]
[WhiteFideId "110973"]
[BlackFideId "5027330"]
[WhiteElo "2543"]
[BlackElo "2366"]
[Result "1-0"]
[Round "08"]
[TimeControl "180+1"]
[Date "2022.02.15"]
[WhiteClock "0:00:40"]
[BlackClock "0:00:02"]

1. d4 Nf6 2. Nf3 g6 3. c3 Bg7 4. Bf4 O-O 5. h3 d6 6. e3 b6 7. Bh2 Bb7 8. a4 a5 9. Be2 Nbd7 10. O-O Ne4 11. Na3 e5 12. Nb5 c6 13. Na3 Qe7 14. Nc4 exd4 15. cxd4 d5 16. Nce5 Nxe5 17. Nxe5 f6 18. Nd3 Ba6 19. Rc1 Rac8 20. Rc2 Rfd8 21. Qc1 Bc4 22. b3 Bxb3 23. Rxc6 Qe8 24. Rc7 Bxa4 25. Nf4 Bc6 26. Rxc8 Rxc8 27. Ba6 Ra8 28. Bd3 a4 29. Qb2 a3 30. Qxb6 a2 31. Ra1 Ra3 32. Bc2 Qa8 33. Bb3 Kh8 34. Rxa2 Rxa2 35. Bxa2 Nc3 36. Ne6 Nxa2 37. Bb8 Be8 38. Qc7 Bh6 39. Qd8 Qc6 40. Qxf6+ Kg8 41. Bf4 Bf7 42. Bxh6 1-0


[Site "https://www.chess.com"]

[Event "Titled Tuesday Blitz February 15 Early 2022"]
[White "Pinheiro, Iung Alicio de O."]
[Black "Stepanencu, Nicodim-Cosmin"]
[WhiteFideId "2104350"]
[BlackFideId "1256220"]
[WhiteElo "2639"]
[BlackElo "1809"]
[Result "1-0"]
[Round "08"]
[TimeControl "180+1"]
[Date "2022.02.15"]
[WhiteClock "0:00:07"]
[BlackClock "0:00:01"]

1. e4 c5 2. Nf3 Nc6 3. c3 Nf6 4. e5 Nd5 5. d4 cxd4 6. cxd4 d6 7. Bc4 dxe5 8. dxe5 Nb6 9. Qxd8+ Nxd8 10. Bb5+ Bd7 11. Nc3 a6 12. Be2 g6 13. Be3 Na4 14. Nd5 Ne6 15. b3 Bc6 16. Bc4 b5 17. Nb4 Bxf3 18. Bxe6 Bxg2 19. Rg1 fxe6 20. Rxg2 Nc3 21. Rc1 a5 22. Rxc3 axb4 23. Rc5 Rxa2 24. Rxb5 Bg7 25. Rg4 Kd7 26. Rgxb4 Rc8 27. Kf1 Rc3 28. Rb7+ Ke8 29. Rb8+ Kd7 30. R4b7+ Kc6 31. Rxe7 Bxe5 32. Rb6+ Kd5 33. Rbxe6 Bxh2 34. b4 Bd6 35. Re8 Bxb4 36. Re5+ Kc4 37. Re4+ Kb3 38. Rb8 Rc4 39. Re7 Kc3 40. Rxh7 Bd6 41. Rd8 Be5 42. Kg2 Rg4+ 43. Kf3 Rc4 44. Rh6 Ra5 45. Rxg6 Rb5 46. Rdg8 1-0


[Site "https://www.chess.com"]

[Event "Titled Tuesday Blitz February 15 Early 2022"]
[White "Ponkratov, Pavel"]
[Black "Ter-Sahakyan, Samvel"]
[WhiteFideId "4157800"]
[BlackFideId "13302531"]
[WhiteElo "2487"]
[BlackElo "2592"]
[Result "1-0"]
[Round "08"]
[TimeControl "180+1"]
[Date "2022.02.15"]
[WhiteClock "0:00:19"]
[BlackClock "0:00:01"]

1. Nf3 d5 2. b3 Bf5 3. Bb2 e6 4. d3 Nf6 5. Nbd2 h6 6. g3 Be7 7. Bg2 c6 8. O-O Nbd7 9. Re1 Bh7 10. e4 O-O 11. Qe2 a5 12. a3 b5 13. Nd4 Qb6 14. e5 Ne8 15. a4 b4 16. h4 Nc7 17. Qg4 Kh8 18. Rac1 Rab8 19. Qh3 Rbe8 20. g4 f6 21. N2f3 fxe5 22. Rxe5 Bf6 23. Rce1 Nxe5 24. Nxe5 Bxe5 25. Rxe5 c5 26. Nf3 d4 27. Bc1 Qd6 28. Qg3 Nd5 29. g5 hxg5 30. Nxg5 Nf6 31. Nxh7 Nxh7 32. Be4 g6 33. Bf4 Qe7 34. Bxg6 Rg8 35. h5 Ref8 36. Re1 Rf5 37. Be5+ Nf6 38. Qh4 Rg7 39. Kf1 Rxe5 40. Rxe5 Kg8 41. Qf4 Kh8 42. Qf3 Rg8 43. Qh3 1-0


[Site "https://www.chess.com"]

[Event "Titled Tuesday Blitz February 15 Early 2022"]
[White "Poormosavi, Seyed Kian"]
[Black "Csonka, Balazs"]
[WhiteFideId "12585807"]
[BlackFideId "742910"]
[WhiteElo "2116"]
[BlackElo "2404"]
[Result "1-0"]
[Round "08"]
[TimeControl "180+1"]
[Date "2022.02.15"]
[WhiteClock "0:01:17"]
[BlackClock "0:00:01"]

1. Nf3 Nf6 2. g3 b6 3. Bg2 Bb7 4. O-O g6 5. d3 d5 6. Nbd2 Bg7 7. Qe1 O-O 8. e3 c5 9. Qe2 Nc6 10. c3 e5 11. e4 Re8 12. Rd1 Qd7 13. Nf1 h6 14. Ne3 Rad8 15. exd5 Nxd5 16. Nxd5 Qxd5 17. a4 Na5 18. Be3 Qd7 19. b4 cxb4 20. cxb4 Nb3 21. Ra3 Nd4 22. Bxd4 exd4 23. Qb2 Qg4 24. h3 Qh5 25. g4 Qd5 26. a5 Qd6 27. axb6 axb6 28. Ra7 Bd5 29. Ne1 Bxg2 30. Nxg2 Qd5 31. Qa2 Qf3 32. Re1 Rxe1+ 33. Nxe1 Qf6 34. b5 Re8 35. Ng2 Re6 36. Qd5 Kh7 37. h4 Re7 38. Rxe7 Qxe7 39. h5 gxh5 40. gxh5 Be5 41. Qe4+ Kg7 42. Nh4 Qg5+ 43. Kf1 Qc1+ 44. Ke2 Qc2+ 45. Kf3 Qc7 46. Nf5+ Kf6 47. Nxh6 Qc2 48. Ng4+ Kg7 49. Qxe5+ 1-0


[Site "https://www.chess.com"]

[Event "Titled Tuesday Blitz February 15 Early 2022"]
[White "Popadic, Dragan"]
[Black "Guz, Ari"]
[WhiteFideId "913650"]
[BlackFideId "2825759"]
[WhiteElo "2199"]
[BlackElo "1913"]
[Result "1-0"]
[Round "08"]
[TimeControl "180+1"]
[Date "2022.02.15"]
[WhiteClock "0:00:02"]
[BlackClock "0:00:13"]

1. e4 c5 2. Nc3 b6 3. f4 Bb7 4. Nf3 g6 5. Bc4 Bg7 6. d3 e6 7. O-O Ne7 8. Qe1 O-O 9. f5 d5 10. exd5 exd5 11. Bg5 f6 12. Qe6+ Kh8 13. Nxd5 Bxd5 14. Bxd5 Nxd5 15. fxg6 Qd7 16. Qe4 fxg5 17. Nxg5 h6 18. Rxf8+ Bxf8 19. Rf1 Bg7 20. Rf7 Qc6 21. Ne6 Nf6 22. Qf5 Qd5 23. Nxg7 Qxf5 24. Nxf5 Nbd7 25. Nxh6 Nh5 26. Rh7# 1-0


[Site "https://www.chess.com"]

[Event "Titled Tuesday Blitz February 15 Early 2022"]
[White "Pourkashiyan, Atousa"]
[Black "Shevtchenko, Olesya"]
[WhiteFideId "12502014"]
[BlackFideId "24131890"]
[WhiteElo "2247"]
[BlackElo "2003"]
[Result "1-0"]
[Round "08"]
[TimeControl "180+1"]
[Date "2022.02.15"]
[WhiteClock "0:02:08"]
[BlackClock "0:02:02"]

1. e4 c5 2. Nf3 Nc6 3. d4 cxd4 4. Nxd4 g6 5. c4 Bg7 6. Be3 Nf6 7. Nc3 O-O 8. Be2 d6 9. O-O Nxd4 10. Bxd4 Bd7 11. Qd2 Bc6 12. f3 a5 13. b3 Nd7 14. Be3 Nc5 15. Rab1 e6 16. Rfd1 Be5 17. f4 Bxc3 18. Qxc3 Nxe4 19. Qd4 1-0


[Site "https://www.chess.com"]

[Event "Titled Tuesday Blitz February 15 Early 2022"]
[White "Przybylski, Wojciech"]
[Black "Golubenko, Valentina"]
[WhiteFideId "1117599"]
[BlackFideId "4501993"]
[WhiteElo "2133"]
[BlackElo "2164"]
[Result "1-0"]
[Round "08"]
[TimeControl "180+1"]
[Date "2022.02.15"]
[WhiteClock "0:01:17"]
[BlackClock "0:00:38"]

1. e4 e6 2. d4 d5 3. Nc3 Nf6 4. e5 Nfd7 5. f4 c5 6. Nf3 Nc6 7. Be3 cxd4 8. Nxd4 Nxd4 9. Bxd4 Bc5 10. Qd2 a6 11. Be2 b5 12. Bf3 Qb6 13. Ne2 O-O 14. O-O-O Bb7 15. Rhe1 Rfc8 16. Kb1 a5 17. Bxc5 Qxc5 18. Nd4 a4 19. f5 exf5 20. e6 Nf6 21. exf7+ Kxf7 22. Nxf5 Rc7 23. Nd4 Rcc8 24. Ne6 Qd6 25. Qg5 g6 26. Qh6 Rg8 27. Ng5# 1-0


[Site "https://www.chess.com"]

[Event "Titled Tuesday Blitz February 15 Early 2022"]
[White "Qashashvili, Alexandre"]
[Black "Kozin, Yuri"]
[WhiteFideId "13600842"]
[BlackFideId "4129920"]
[WhiteElo "2316"]
[BlackElo "2527"]
[Result "0-1"]
[Round "08"]
[TimeControl "180+1"]
[Date "2022.02.15"]
[WhiteClock "0:00:02"]
[BlackClock "0:00:11"]

1. e4 c5 2. Nc3 e6 3. Nf3 a6 4. Be2 b5 5. a3 Bb7 6. d3 Nf6 7. O-O Be7 8. Bf4 O-O 9. h3 c4 10. dxc4 Nxe4 11. Nxe4 Bxe4 12. cxb5 axb5 13. Bxb5 Qb6 14. c4 d5 15. Be3 Qb7 16. b4 Rd8 17. Qe2 Bf6 18. Ra2 d4 19. Bf4 h6 20. Re1 Bf5 21. Be5 d3 22. Qe3 Be7 23. Nd4 Bg6 24. Rea1 Bg5 25. f4 Be7 26. f5 exf5 27. Qxd3 f4 28. Qf3 Qa7 29. Qxf4 Bg5 30. Qg4 f5 31. Qd1 f4 32. c5 Kh7 33. Bd3 Bxd3 34. Qxd3+ Kh8 35. Qf5 Qe7 36. Ne6 Rg8 37. Nxg5 hxg5 38. Qg6 Re8 39. Re2 Nd7 40. Bxg7+ Qxg7 41. Rxe8+ Rxe8 42. Qxe8+ Kh7 43. Qh5+ Kg8 44. Qe8+ Kh7 45. Qe4+ Kh8 46. Re1 Nf6 47. Qe5 Qg6 48. c6 Kh7 49. c7 Qc2 50. Qe7+ Kg6 51. Qe6 Kh5 52. Qf7+ Kh4 53. Qh7+ Nxh7 0-1


[Site "https://www.chess.com"]

[Event "Titled Tuesday Blitz February 15 Early 2022"]
[White "Rakhimgaliyev, Yerlan"]
[Black "Alavi, Sayed Javad"]
[WhiteFideId "13705148"]
[BlackFideId "12500607"]
[WhiteElo "2261"]
[BlackElo "2475"]
[Result "0-1"]
[Round "08"]
[TimeControl "180+1"]
[Date "2022.02.15"]
[WhiteClock "0:00:12"]
[BlackClock "0:00:32"]

1. e4 c5 2. Nf3 e6 3. c3 Nf6 4. e5 Nd5 5. d4 cxd4 6. cxd4 d6 7. Bd3 dxe5 8. dxe5 Nb4 9. Bb5+ Bd7 10. Bc4 Qc7 11. Bb3 Qxc1 12. Qxc1 Nd3+ 13. Ke2 Nxc1+ 14. Rxc1 Na6 15. Nc3 Nc5 16. Bc2 Rc8 17. b4 Na6 18. Be4 Bxb4 19. Bxb7 Rxc3 20. Bxa6 O-O 21. Rxc3 Bxc3 22. Rc1 Ba5 23. Nd4 g5 24. Nc6 Bb6 25. Nxa7 Ra8 26. Nc8 Rxa6 27. Nxb6 Rxb6 28. Rc7 Bb5+ 29. Kf3 Kg7 30. Kg4 Kg6 31. h4 Be2+ 32. f3 Rb4+ 33. Kg3 gxh4+ 34. Kh3 Rb2 35. Ra7 Bf1 36. Kxh4 Bxg2 37. Kg3 Bh1 38. Ra4 Rg2+ 39. Kh3 h5 40. Rf4 Rg5 41. Kh2 Bxf3 42. a4 Bd5 43. a5 Rxe5 44. a6 Re2+ 45. Kh3 Re3+ 46. Kh4 Re4 0-1


[Site "https://www.chess.com"]

[Event "Titled Tuesday Blitz February 15 Early 2022"]
[White "Reprintsev, Alexander"]
[Black "Lakshmi C"]
[WhiteFideId "14100541"]
[BlackFideId "25035347"]
[WhiteElo "2126"]
[BlackElo "1775"]
[Result "1-0"]
[Round "08"]
[TimeControl "180+1"]
[Date "2022.02.15"]
[WhiteClock "0:01:34"]
[BlackClock "0:00:01"]

1. e4 e5 2. f4 Bc5 3. Nf3 d6 4. c3 Nc6 5. Bb5 Bg4 6. h3 Bd7 7. d4 Bb6 8. d5 Nb8 9. Bd3 Qe7 10. fxe5 dxe5 11. Na3 f6 12. Nc4 Na6 13. b4 Nb8 14. a4 a6 15. Nxb6 cxb6 16. Be3 Qd6 17. Nd2 b5 18. axb5 Nh6 19. Bc5 Qc7 20. O-O b6 21. Be3 O-O 22. Bxh6 1-0


[Site "https://www.chess.com"]